 Dungeon Crawl Stone Soup version 0.21.1-1-g345015f (webtiles) character file.

136542 equalderp2856 the Severer (level 16, -7/152 HPs)
             Began as a Minotaur Fighter on May 14, 2018.
             Killed from afar by a shock serpent (26 damage)
             ... with a bolt of electricity
             ... on level 2 of the Snake Pit.
             The game lasted 01:54:50 (40020 turns).

equalderp2856 the Severer (Minotaur Fighter)       Turns: 40020, Time: 01:54:51

Health: -7/152     AC: 22    Str: 23    XL:     16   Next: 67%
Magic:  17/17      EV: 10    Int:  8    God:
Gold:   2291       SH: 14    Dex: 14    Spells: 14/15 levels left

rFire    + . .     SeeInvis .   m - +0 broad axe of Dividends {chop, Str+2}
rCold    + . .     Gourm    +   q - +0 shield
rNeg     . . .     Faith    .   l - +3 plate armour
rPois    .         Spirit   .   s - +1 hat
rElec    .         Reflect  .   n - scarf {repulsion}
rCorr    .         Harm     .   (no gloves)
MR       +....                  G - +2 pair of boots
Stlth    ..........             c - amulet of Agonn {Gourm rF+}
HPRegen  0.35/turn              o - ring of protection from cold
MPRegen  0.15/turn              H - -2 ring of protection (curse)

@: repel missiles
A: retaliatory headbutt, horns 2
a: no special abilities


You were on level 2 of the Snake Pit.
You were not hungry.

You visited 5 branches of the dungeon, and saw 27 of its levels.
You also visited: Labyrinth and Sewer.

You collected 2714 gold pieces.
You spent 423 gold pieces at shops.

Inventory:

Hand Weapons
 a - the +11 morningstar "Huqiemu" {crush, Str+4 Dex+3}
   (You found it in a labyrinth)

   It inflicts extra damage upon your enemies.
   It affects your strength (+4).
   It affects your dexterity (+3).
 b - a +5 executioner's axe of flaming
 m - the +0 broad axe of Dividends (weapon) {chop, Str+2}
   (You found it on level 5 of the Lair of Beasts)

   It inflicts extra damage upon your enemies.
   It affects your strength (+2).
 Q - a +0 vampiric trident
Armour
 l - a +3 plate armour (worn)
 n - a scarf of repulsion (worn)
 q - a +0 shield (worn)
 s - a +1 hat (worn)
 G - a +2 pair of boots (worn)
Jewellery
 c - the amulet of Agonn (around neck) {Gourm rF+}
   (You found it on level 5 of the Lair of Beasts)

   [amulet of the gourmand]

   It allows you to eat raw meat even when not hungry.
   It protects you from fire.
 o - a ring of protection from cold (left hand)
 r - the amulet of the Catfish {+Rage rF+, unknown}
   (You found it on level 3 of the Lair of Beasts)

   [amulet of rage]

   It protects you from fire.
   It lets you go berserk.
 C - an uncursed ring of magical power
 H - a cursed -2 ring of protection (right hand)
 I - an uncursed ring of wizardry
 S - the amulet of Qazlal's Displeasure {+Rage rN++ Dex+4}
   (You found it on level 15 of the Dungeon)

   [amulet of rage]

   It affects your dexterity (+4).
   It greatly protects you from negative energy.
   It lets you go berserk.
 U - the amulet of Kogotij {rC+ rN+ Regen+ Str-2 Int+4}
   (You found it on level 13 of the Dungeon)

   [amulet of regeneration]

   It affects your strength (-2).
   It affects your intelligence (+4).
   It protects you from cold.
   It protects you from negative energy.
   It increases your rate of regeneration.
Wands
 x - a wand of acid (28)
 D - a wand of paralysis (14)
 E - a wand of digging (8)
 M - a wand of random effects (57)
 N - a wand of iceblast (33)
Scrolls
 e - a scroll of amnesia
 j - 10 scrolls of teleportation
 p - 2 scrolls of magic mapping
 v - 2 scrolls of enchant weapon
 w - 4 scrolls of fear
 y - 4 scrolls of enchant armour
 A - 7 scrolls of fog
 J - a scroll of summoning {unknown}
 P - 8 scrolls of remove curse
 T - 2 scrolls of identify
 W - a scroll of blinking
Potions
 d - 3 potions of might
 g - a potion of magic {unknown}
 h - a potion of heal wounds
 i - 7 potions of agility {z}
 k - 3 potions of curing
 u - 8 potions of flight
 z - a potion of haste
 B - a potion of resistance {unknown}
 K - a potion of mutation {unknown}
 L - a potion of invisibility {unknown}
 O - 2 potions of lignification
 R - a potion of brilliance
Miscellaneous
 t - a sack of spiders
 F - a phantom mirror
 Y - 2 boxes of beasts
Comestibles
 f - 8 rations


   Skills:
 + Level 16.4 Fighting
 + Level 20.0 Axes
 + Level 1.1(13.6) Polearms
 + Level 15.7 Armour
 + Level 5.5 Dodging
 + Level 2.9 Stealth
 + Level 15.9 Shields
 + Level 2.9 Evocations


You had 14 spell levels left.
You knew the following spells:

 Your Spells              Type           Power        Failure   Level  Hunger
a - Animate Skeleton      Necr           N/A          98%         1    ##.....


Dungeon Overview and Level Annotations

Branches:
Dungeon (15/15)            Temple (0/1) D:6            Lair (6/6) D:8
 Shoals (0/4) Lair:3        Snake (3/4) Lair:4        Slime (0/5) Lair:6
    Orc (2/2) D:9             Elf (0/3) Orc:2        Vaults (0/5) D:14
 Depths (1/5) D:15

Altars:
Ashenzari
Cheibriados
Fedhas
Gozag
Hepliaklqana
Makhleb
Qazlal
Ru
Sif Muna
Uskayaw
Vehumet
Wu Jian
Yredelemnul
Jiyva

Shops:
D:10 (**   D:12 *   Orc:1 *   Orc:2 **:[

Portals:
Hell: Depths:1
Pandemonium: Orc:2


Innate Abilities, Weirdness & Mutations

You reflexively headbutt those who attack you in melee.
You have a pair of horns on your head.


Message History

* * * LOW HITPOINT WARNING * * *
The shock serpent shoots out a bolt of lightning at you!
The bolt of electricity misses you.
The bolt of electricity is repelled.
You feel much better. You block the shock serpent's attack.
You closely miss the shock serpent.
The shock serpent is almost dead.
The shock serpent shoots out a bolt of lightning at you!
The bolt of electricity hits you!
* * * LOW HITPOINT WARNING * * *
The bolt of electricity hits you!
* * * LOW HITPOINT WARNING * * *
You feel much better.
The shock serpent shoots out a bolt of lightning at you!
The bolt of electricity hits you!
* * * LOW HITPOINT WARNING * * *
The bolt of electricity hits you!
* * * LOW HITPOINT WARNING * * *
The shock serpent shoots out a bolt of lightning at you!
The bolt of electricity hits you!
You die...

.# ###.#...# .#
#.#.### .# #..).# .#
##...## .## ###..#
..#### #..## .....##
####...# ..##..######
#>...#.#
...........####S@..#.#
##............#.<..#.#
#...#...#########...#
##.###### ##..# #...#
#### #...# #...# #####


You could see a shock serpent.

Vanquished Creatures
  Gastronok (Orc:1)
  A fire giant (Depths:1)
  A balrug (D:15)
  An ettin (Depths:1)
  Snorg (D:13)
  A yaktaur captain (Depths:1)
  A minotaur (Lab)
  6 hydras
  2 great orbs of eyes (Depths:1)
  4 naga warriors
  4 anacondas
  A two-headed ogre (D:14)
  8 centaur warriors
  An ogre mage (D:14)
  5 orc high priests
  2 tengu warriors
  2 naga sharpshooters (Snake:1)
  3 shock serpents
  Urug (D:9)
  A soul eater (Orc:2)
  A skeletal warrior (D:14)
  A fire crab (Lair:5)
  3 unseen horrors
  A sea snake (Lair:6)
  2 wizards (D:15)
  2 torturous demonspawn
  A gelid demonspawn (Orc:2)
  4 naga ritualists
  Pikel (D:7)
  A necromancer (D:15)
  2 harpies (Lair:6)
  8 orc sorcerers
  5 deep elf magi
  6 orc knights
  2 cyclopes
  6 salamanders
  3 ugly things
  5 mana vipers
  4 oklob plants (Lair:6)
  8 slime creatures
  5 manticores
  11 elephants
  5 centaur zombies
  An ice statue (Lair:5)
  Joseph (D:7)
  10 naga magi
  19 black mambas
  A guardian serpent (Snake:2)
  10 spiny frogs
  A smoke demon (Orc:2)
  2 rime drakes (Lair:6)
  13 komodo dragons
  3 yaktaurs
  An efreet (D:15)
  2 hellwings
  7 tengu conjurers
  12 polar bears
  5 trolls
  A meliai (D:13)
  7 red devils
  Grinder (D:3)
  5 hornets
  12 blink frogs
  A snapping turtle (Lair:3)
  A blink frog (shapeshifter) (D:13)
  9 dream sheep (Lair:6)
  9 hippogriffs
  2 spriggans
  A wraith (D:12)
  5 redbacks (Lab)
  5 wyverns
  The ghost of johnjohn the Chopper, an amateur HOFi (D:4)
  A centaur simulacrum (D:15)
  57 yaks
  Grum (D:8)
  2 ynoxinuls (Orc:2)
  7 basilisks
  3 hungry ghosts
  A golden eye (shapeshifter) (D:13)
  A steam dragon (Lair:4)
  30 nagas
  A vampire mosquito (D:13)
  5 wargs
  Edmund (D:4)
  An acid dragon (D:13)
  9 porcupines
  2 hornet zombies
  16 water moccasins
  A sky beast (D:15)
  4 black bears
  30 orc warriors
  8 ice beasts
  2 necrophages
  An eye of draining (D:15)
  3 phantoms
  22 wolves
  13 ogres
  A boggart (D:13)
  11 centaurs
  21 crocodiles
  3 big kobolds
  15 bullfrogs
  A water moccasin zombie (D:12)
  3 wyvern skeletons
  27 killer bees
  4 scorpions
  An electric eel (D:12)
  7 howler monkeys
  2 lava snakes (D:10)
  10 crimson imps
  A bullfrog zombie (D:6)
  5 jellies
  27 orc priests
  4 bullfrog skeletons
  11 hounds
  9 centaur skeletons
  An iguana (D:13)
  Natasha (D:2)
  17 orc wizards
  10 worker ants
  A bullfrog simulacrum (D:13)
  2 hound skeletons (D:6)
  A worker ant zombie (D:11)
  10 gnolls
  7 adders
  5 shadow imps
  An ooze (Sewer)
  An adder zombie (D:8)
  3 worms
  2 dart slugs
  5 leopard geckos
  89 orcs
  8 giant cockroaches
  11 goblins
  7 hobgoblins
  8 jackals
  35 kobolds
  8 quokkas
  3 ball pythons
  7 bats
  12 frilled lizards
  A leopard gecko skeleton (D:5)
  A quokka zombie (D:7)
  13 rats
  A bush (Lair:6)
  5 fungi
  8 plants
951 creatures vanquished.

Vanquished Creatures (collateral kills)
  A merfolk avatar (Lair:6)
1 creature vanquished.

Vanquished Creatures (others)
  A basilisk (D:14)
  An iguana (D:7)
  An orc (D:14)
  9 fungi
  26 plants
38 creatures vanquished.

Grand Total: 990 creatures vanquished

Notes
Turn   | Place    | Note
-------+----------+-------------------------------------------
     0 | D:1      | equalderp2856 the Minotaur Fighter began the quest for the Orb.
     0 | D:1      | Reached XP level 1. HP: 19/19 MP: 0/0
   167 | D:1      | Reached XP level 2. HP: 26/27 MP: 1/1
   901 | D:2      | Reached XP level 3. HP: 24/33 MP: 2/2
   901 | D:2      | Reached skill level 3 in Axes
  1227 | D:2      | Found an ornate altar of the Wu Jian Council.
  1256 | D:2      | Reached XP level 4. HP: 36/40 MP: 3/3
  1494 | D:2      | Noticed Natasha
  1502 | D:2      | Killed Natasha
  1502 | D:2      | Reached skill level 4 in Axes
  1515 | D:2      | Found a snail-covered altar of Cheibriados.
  1665 | D:3      | Found a blossoming altar of Fedhas.
  1768 | D:3      | Reached XP level 5. HP: 42/46 MP: 4/4
  1775 | D:3      | Reached skill level 1 in Dodging
  1926 | D:3      | Found a glowing drain.
  1930 | Sewer    | Entered a sewer
  1999 | Sewer    | Reached skill level 5 in Axes
  2149 | Sewer    | Reached XP level 6. HP: 52/53 MP: 5/5
  2495 | D:3      | Noticed Grinder
  2496 | D:3      | Paralysed by Grinder for 2 turns
  2510 | D:3      | Paralysed by Grinder for 2 turns
  2524 | D:3      | Paralysed by Grinder for 6 turns
  2543 | D:3      | Killed Grinder
  2543 | D:3      | Reached skill level 6 in Axes
  2543 | D:3      | Reached skill level 5 in Armour
  2543 | D:3      | Reached skill level 5 in Shields
  2543 | D:3      | Reached XP level 7. HP: 47/60 MP: 6/6
  2651 | D:3      | Found a stormy altar of Qazlal.
  3423 | D:4      | Noticed Edmund
  3436 | D:4      | Killed Edmund
  3436 | D:4      | Reached skill level 5 in Fighting
  3551 | D:4      | Found an opulent altar of Gozag.
  3552 | D:4      | Found a deep blue altar of Sif Muna.
  3665 | D:4      | Noticed johnjohn's ghost (amateur HOFi)
  3680 | D:4      | Killed johnjohn's ghost
  3680 | D:4      | Reached skill level 7 in Axes
  3907 | D:5      | Entered Level 5 of the Dungeon
  3958 | D:5      | Reached XP level 8. HP: 68/69 MP: 7/7
  3968 | D:5      | Reached skill level 1 in Stealth
  4258 | D:5      | Reached skill level 8 in Axes
  4578 | D:5      | Found a deep blue altar of Sif Muna.
  5175 | D:6      | Found a shattered altar of Ashenzari.
  5260 | D:6      | Reached skill level 9 in Axes
  5342 | D:6      | Found a hazy altar of Hepliaklqana.
  5465 | D:6      | Found a staircase to the Ecumenical Temple.
  5618 | D:7      | Noticed Joseph
  5636 | D:7      | Killed Joseph
  5636 | D:7      | Reached XP level 9. HP: 24/78 MP: 8/8
  5659 | D:7      | HP: 1/78 [orc priest/divine providence (9)]
  5902 | D:6      | Reached skill level 10 in Axes
  6487 | D:7      | Found a basalt altar of Yredelemnul.
  6645 | D:7      | Noticed Pikel
  6696 | D:7      | Killed Pikel
  6935 | D:7      | Found a radiant altar of Vehumet.
  6935 | D:7      | Found a burning altar of Makhleb.
  7021 | D:7      | Found a sacrificial altar of Ru.
  7158 | D:7      | Learned a level 1 spell: Animate Skeleton
  7237 | D:8      | Noticed Grum
  7253 | D:8      | Reached skill level 11 in Axes
  7265 | D:8      | Killed Grum
  7372 | D:8      | Found a hide-covered altar of Uskayaw.
  7431 | D:8      | Reached XP level 10. HP: 62/86 MP: 9/9
  7616 | D:8      | Found a staircase to the Lair.
  7805 | D:8      | Noticed a two-headed ogre
  8970 | D:9      | Found a staircase to the Orcish Mines.
  9217 | D:9      | Reached skill level 12 in Axes
  9946 | D:10     | Entered Level 10 of the Dungeon
  9980 | D:10     | Found Fyiv's Assorted Antiques.
 10139 | D:10     | Found Adul Piuwn's Assorted Antiques.
 10159 | D:10     | Bought a scroll of remove curse for 108 gold pieces
 10356 | D:10     | Found Wubros's Antique Weapon Shop.
 10360 | D:10     | Reached skill level 1 in Evocations
 10477 | D:10     | You fall through a shaft!
 10642 | D:10     | Noticed Urug
 11009 | D:10     | Bought a scroll of identify for 72 gold pieces
 11201 | D:9      | Killed Urug
 11201 | D:9      | Reached XP level 11. HP: 54/94 MP: 11/11
 11442 | D:11     | Reached skill level 10 in Shields
 11448 | D:11     | Reached skill level 13 in Axes
 11905 | D:11     | Noticed a two-headed ogre
 12556 | Orc:1    | Entered Level 1 of the Orcish Mines
 12563 | Orc:1    | Noticed Gastronok
 12754 | Orc:1    | Killed Gastronok
 13059 | Orc:1    | Found Biuso's General Store.
 13067 | Orc:1    | Bought a scroll of identify for 28 gold pieces
 13125 | Orc:2    | Entered Level 2 of the Orcish Mines
 13210 | Orc:2    | Found a staircase to the Elven Halls.
 13586 | Orc:2    | Noticed an orc knight
 13706 | Orc:2    | Killed an orc knight
 13706 | Orc:2    | Reached skill level 14 in Axes
 13706 | Orc:2    | Reached skill level 10 in Armour
 13706 | Orc:2    | Reached skill level 5 in Dodging
 13894 | Orc:2    | Noticed an orc sorcerer
 13898 | Orc:2    | Noticed a sixfirhy
 14388 | Orc:2    | Killed an orc sorcerer
 14392 | Orc:2    | Noticed a soul eater
 14403 | Orc:2    | Killed a soul eater
 14406 | Orc:2    | Found Vuovos's General Store.
 14409 | Orc:2    | Found Jyot's General Store.
 14414 | Orc:2    | Reached XP level 12. HP: 77/105 MP: 12/12
 14585 | Orc:2    | Bought a scroll of teleportation for 42 gold pieces
 14589 | Orc:2    | Bought a scroll of identify for 24 gold pieces
 15062 | Orc:2    | Reached skill level 10 in Fighting
 15149 | Orc:2    | Noticed an orc high priest
 15162 | Orc:2    | Killed an orc high priest
 15247 | Orc:2    | Paralysed by an orc sorcerer for 4 turns
 15257 | Orc:2    | Reached skill level 15 in Axes
 15381 | Orc:2    | Noticed an orc high priest
 15382 | Orc:2    | Noticed an orc high priest
 15402 | Orc:2    | Killed an orc high priest
 15425 | Orc:2    | Killed an orc high priest
 15468 | Orc:2    | Paralysed by an orc sorcerer for 4 turns
 15476 | Orc:2    | Noticed an orc high priest
 15696 | Orc:1    | Killed an orc high priest
 15953 | Orc:2    | Noticed an orc high priest
 15953 | Orc:2    | Found Xaiguax's Antique Armour Emporium.
 15953 | Orc:2    | Found Vulampeeqe's Book Shoppe.
 15958 | Orc:2    | Killed an orc high priest
 15959 | Orc:2    | Found a one-way gate leading to the halls of Pandemonium.
 16485 | D:12     | Reached XP level 13. HP: 116/116 MP: 13/13
 17064 | D:12     | Found Esoedd's General Store.
 17072 | D:12     | Bought a potion of degeneration for 13 gold pieces
 17228 | D:12     | Reached skill level 16 in Axes
 17615 | D:13     | Got a shimmering emerald amulet
 17678 | D:13     | Noticed Snorg
 17710 | D:13     | Killed Snorg
 17710 | D:13     | Reached skill level 1 in Polearms
 17891 | D:13     | Paralysed by a hornet for 1 turns
 17895 | D:13     | Paralysed by a hornet for 2 turns
 18900 | D:10     | Bought a broad axe for 136 gold pieces
 19224 | Lair:1   | Entered Level 1 of the Lair of Beasts
 19299 | Lair:1   | Identified a scroll of acquirement
 20475 | Lair:2   | Reached XP level 14. HP: 66/127 MP: 14/14
 21178 | Lair:3   | Reached skill level 17 in Axes
 21677 | Lair:3   | Found a staircase to the Shoals.
 22323 | Lair:4   | Found a staircase to the Snake Pit.
 22841 | Lair:5   | Reached skill level 18 in Axes
 23064 | Lair:5   | Found a labyrinth entrance.
 23073 | Lab      | Entered a labyrinth
 24360 | Lab      | Identified the Grimoire of Icy Weightlessness
 24376 | Lab      | Got a faintly glowing morningstar
 24380 | Lab      | Identified the +11 morningstar "Huqiemu" {crush, Str+4 Dex+3} (You found it in a labyrinth)
 24410 | Lab      | Identified the amulet of Kogotij {rC+ rN+ Regen+ Str-2 Int+4} (You found it on level 13 of the Dungeon)
 26187 | Lair:5   | Got a translucent copper amulet
 26200 | Lair:5   | Got a bloodstained broad axe
 26216 | Lair:5   | Identified the cursed +0 broad axe of Dividends {chop, Str+2} (You found it on level 5 of the Lair of Beasts)
 26552 | Lair:6   | Entered Level 6 of the Lair of Beasts
 26746 | Lair:6   | Paralysed by a hornet for 1 turns
 27300 | Lair:6   | Reached XP level 15. HP: 119/138 MP: 16/16
 27475 | Lair:6   | Paralysed by a hornet for 1 turns
 27606 | Lair:6   | Found a staircase to the Slime Pits.
 27607 | Lair:6   | Found a viscous altar of Jiyva.
 28403 | Lair:6   | Identified the +2 flail of Ileropes {flame, Int+3} (You found it on level 6 of the Lair of Beasts)
 28787 | Lair:1   | Identified the amulet of Agonn {Gourm rF+} (You found it on level 5 of the Lair of Beasts)
 29323 | Lair:3   | Got a flickering steel amulet
 31837 | D:14     | Reached skill level 19 in Axes
 32417 | D:14     | Found a gate to the Vaults.
 33000 | D:15     | Entered Level 15 of the Dungeon
 33161 | D:15     | Reached skill level 15 in Fighting
 33232 | D:15     | Got a sparkling golden amulet
 33962 | D:15     | Found a staircase to the Depths.
 34185 | D:15     | Reached skill level 15 in Armour
 34489 | Depths:1 | Entered Level 1 of the Depths
 34494 | Depths:1 | Noticed a fire giant
 34531 | Depths:1 | Killed a fire giant
 34620 | Depths:1 | Paralysed by a great orb of eyes for 6 turns
 34952 | Depths:1 | Reached XP level 16. HP: 113/149 MP: 17/17
 34969 | Depths:1 | Reached skill level 15 in Shields
 34972 | Depths:1 | Found a gateway to Hell.
 35419 | Depths:1 | Found a snail-covered altar of Cheibriados.
 35471 | D:15     | Got an ancient demon whip {pain}
 35584 | D:15     | Identified the amulet of Qazlal's Displeasure {+Rage rN++ Dex+4} (You found it on level 15 of the Dungeon)
 35900 | Snake:1  | Entered Level 1 of the Snake Pit
 36572 | Snake:1  | You fall through a shaft!
 38574 | Snake:2  | Reached skill level 20 in Axes
 40020 | Snake:2  | Killed from afar by a shock serpent

Skill      XL: |  1  2  3  4  5  6  7  8  9 10 11 12 13 14 15 16 |
---------------+-------------------------------------------------+-----
Armour         | 4 5 7 8 9 10 11 13 14 15 | 15.7
Shields        | 4 5 6 8 9 11 12 13 14 15 | 15.9
Axes           | 3 4 5 6 7 9 11 12 14 15 16 18 19 20 | 20.0
Fighting       | 4 5 6 7 8 9 11 12 14 15 16 | 16.4
Dodging        | 1 2 3 4 5 |  5.5
Stealth        | 1 2 |  2.9
Evocations     | 1 2 |  2.9
Polearms       | 1 |  1.1

Action                   |  1- 3 |  4- 6 |  7- 9 | 10-12 | 13-15 | 16-18 || total
-------------------------+-------+-------+-------+-------+-------+-------++-------
Melee: War axe           |    86 |   216 |   352 |  1006 |   356 |       ||  2016
       Headbutt          |     9 |    42 |    83 |   197 |   342 |    93 ||   766
       Executioner's axe |       |       |       |       |   398 |       ||   398
       Spear             |       |       |       |       |    15 |       ||    15
       Broad axe         |       |       |       |       |   632 |   354 ||   986
 Fire: Arbalest          |       |       |       |       |    72 |       ||    72
Evoke: Wand              |       |       |       |    32 |    15 |     4 ||    51
       Box of beasts     |       |       |       |       |     2 |       ||     2
  Use: Potion            |       |       |     5 |     3 |     4 |     9 ||    21
       Scroll            |       |       |    10 |     8 |    12 |     6 ||    36
 Stab: Paralysed         |       |       |       |       |     2 |       ||     2
       Distracted        |       |       |       |       |     1 |     1 ||     2
  Eat: Chunk             |     1 |     2 |    15 |    20 |    16 |     8 ||    62
       Ration            |       |     1 |       |     3 |    14 |     3 ||    21
Armor: Scale mail        |    33 |    71 |   112 |    45 |       |       ||   261
       Plate armour      |       |       |       |   378 |   893 |   126 ||  1397
Dodge: Dodged            |    25 |    49 |    92 |   283 |   495 |   102 ||  1046
       Deflected         |       |     7 |     3 |    13 |    24 |    29 ||    76
Block: Shield            |    48 |    75 |   172 |   549 |   599 |   242 ||  1685
